 Dungeon Crawl Stone Soup version 0.25-a0-474-ga8a2ee3166 (webtiles) character file.

Game seed: 13346273908762423158, levelgen mode: deterministic

204 kae the Sneak (level 6, -3/32 HPs)
             Began as a Kobold Enchanter on Feb 8, 2020.
             Killed by nerve-wracking pain
             ... invoked by Jessica
              (5 damage)
             ... on level 3 of the Dungeon.
             The game lasted 00:03:13 (2587 turns).

kae the Sneak (Kobold Enchanter)                    Turns: 2587, Time: 00:03:14

Health: -3/32      AC:  3    Str:  6    XL:     6   Next: 9%
Magic:  3/10       EV: 16    Int: 16    God:
Gold:   103        SH:  0    Dex: 17    Spells: 8/11 levels left

rFire    x . .     SeeInvis .   c - +1 dagger (protect)
rCold    + . .     Gourm    .   (shield restricted)
rNeg     . . .     Faith    .   b - +0 robe
rPois    .         Spirit   .   j - +0 helmet
rElec    .         Reflect  .   (no cloak)
rCorr    .         Harm     .   (no gloves)
MR       .....                  (no boots)
Stlth    +++.......             (no amulet)
HPRegen  0.10/turn              f - ring of ice
MPRegen  0.12/turn              (no ring)

@: hasted, very quick
A: small, carnivore
a: no special abilities


You were on level 3 of the Dungeon.
You were very full.

You visited 1 branch of the dungeon, and saw 4 of its levels.

You collected 103 gold pieces.

Inventory:

Hand Weapons
 a - a +1 dagger
 c - a +1 dagger of protection (weapon)
Armour
 b - a +0 robe (worn)
 j - a +0 helmet (worn)
Jewellery
 f - a ring of ice (left hand)
Scrolls
 h - a scroll of identify
Potions
 g - a potion of haste
Comestibles
 d - 4 rations


   Skills:
 * Level 4.4 Short Blades
 + Level 3.5 Dodging
 + Level 5.1 Stealth
 + Level 3.0 Spellcasting
 + Level 3.6 Hexes


You had 8 spell levels left.
You knew the following spells:

 Your Spells              Type           Power        Failure   Level  Hunger
a - Corona                Hex            ##.....      4%          1    #......
b - Ensorcelled Hibernat  Hex/Ice        ##....       13%         2    ##.....

Your spell library contained the following spells:

 Spells                   Type           Power        Failure   Level  Hunger
 Confusing Touch          Hex            ##......     12%         3    ###....
 Tukima's Dance           Hex            ##......     12%         3    ###....
 Dazzling Flash           Conj/Hex       #.....       26%         3    ###....


Dungeon Overview and Level Annotations

Branches:
Dungeon (4/15)
 Temple: D:4-7

Altars:
Ru

Annotations:
D:3 Jessica
D:4 exclusion: gnoll


Innate Abilities, Weirdness & Mutations

You are small and have problems with some larger weapons.
You are carnivorous and can eat meat at any time.


Message History

Jessica shouts!
Jessica looks very angry.
Jessica gestures at you while chanting. Pain shoots through your body!
* * * LOW HITPOINT WARNING * * *
Casting: Corona (safe; 4% risk of failure)
Confirm with . or Enter, or press ? or * to list all spells.
Aiming: Ensorcelled Hibernation (safe; 13% risk of failure)
Press: ? - help, Shift-Dir - straight line, f - Jessica
Aim: Jessica, wielding a +0 dagger and wearing a +0 robe (chance to defeat MR: 51%)
You feel a surge of power!
Jessica resists with some effort.
Casting: Ensorcelled Hibernation (safe; 13% risk of failure)
Confirm with . or Enter, or press ? or * to list all spells.
Aiming: Ensorcelled Hibernation (safe; 13% risk of failure)
Press: ? - help, Shift-Dir - straight line, f/p - Jessica
Aim: Jessica, wielding a +0 dagger and wearing a +0 robe (chance to defeat MR: 51%)
You feel a surge of power!
Jessica resists with some effort.
Jessica points at you and mumbles some strange words.
Pain shoots through your body!
You die...

,****,,,......###...)##
** **,,.....** #.#.## *
**,..g.** #.### *
**...** #.# * *#+** #.#
* *>* #.# * *** *,* #.#
***,** **.#######.#
**,,,***,....s@.@.#
,,,,,,*,,...#######
**,,,**,***,* **,***,*
*,* *,,,,,***,*
*****,,,,,* *******


You could see Jessica and a giant cockroach.

Vanquished Creatures
  A bullfrog (D:2)
  A centaur skeleton (D:4)
  A worker ant (D:2)
  A gnoll (D:3)
  2 adders (D:2)
  2 leopard geckos
  3 orcs
  A ball python (D:2)
  7 bats
  4 giant cockroaches
  4 goblins
  11 hobgoblins
  2 jackals (D:2)
  4 kobolds
  5 frilled lizards
  4 rats
53 creatures vanquished.

Notes
Turn   | Place    | Note
-------+----------+-------------------------------------------
     0 | D:1      | kae the Kobold Enchanter began the quest for the Orb.
     0 | D:1      | Reached XP level 1. HP: 10/10 MP: 3/3
   234 | D:1      | Reached XP level 2. HP: 11/15 MP: 3/5
   627 | D:1      | Reached XP level 3. HP: 16/19 MP: 4/6
  1057 | D:2      | Learned a level 2 spell: Ensorcelled Hibernation
  1144 | D:2      | Found a faded altar of an unknown god.
  1220 | D:2      | Reached XP level 4. HP: 23/24 MP: 2/7
  1474 | D:2      | Found a sacrificial altar of Ru.
  1660 | D:2      | Noticed a bullfrog
  1680 | D:2      | Killed a bullfrog
  1680 | D:2      | Reached skill level 5 in Stealth
  1680 | D:2      | Reached XP level 5. HP: 13/28 MP: 1/9
  2534 | D:4      | Reached XP level 6. HP: 14/32 MP: 10/10
  2584 | D:3      | Noticed Jessica
  2587 | D:3      | Killed from afar by Jessica

Levels and vault maps discovered:
D:1:      scummos_arrival_star, layout_loops_cross, st_stairs_8,
          kennysheep_small_spiral
D:2:      layout_loops_corners, first_ration,
          chequers_ecumenical_altar_simple_redux, nicolae_ru_path_of_blood
D:3:      layout_loops_corners, uniq_jessica, uniq_grinder
D:4:      layout_basic, enter_ossuary_5, serial_shops, kennysheep_mini,
          chequers_serial_rivers_micro_b

Skill      XL: |  1  2  3  4  5 |
---------------+----------------+-----
Short Blades   | 2 3 4 |  4.4
Dodging        | 3 |  3.5
Stealth        | 5 |  5.1
Spellcasting   | 3 |  3.0
Hexes          | |  3.6

Action                   |  1- 3 |  4- 6 || total
-------------------------+-------+-------++-------
Melee: Dagger            |   144 |   115 ||   259
 Cast: Corona            |    17 |     6 ||    23
       Ensorcelled Hiber |     4 |    16 ||    20
  Use: Potion            |     1 |     2 ||     3
       Scroll            |       |     5 ||     5
 Stab: Sleeping          |     7 |     7 ||    14
       Distracted        |       |     1 ||     1
  Eat: Chunk             |    10 |     5 ||    15
Armor: Robe              |    48 |    21 ||    69
Dodge: Dodged            |   111 |    81 ||   192

Table legend:
 A = Non-vault XP
 B = Vault XP
 C = Vault XP percentage of total XP
 D = Non-vault monster count
 E = Vault monster count
 F = Vault count percentage of total count
                 A         B        C        D         E       F
            +---------+---------+-------+---------+---------+-------
      Total |     288 |       4 |   1.4 |      51 |       2 |   3.8
            +---------+---------+-------+---------+---------+-------
        D:1 |      34 |       4 |  10.5 |      17 |       2 |  10.5
        D:2 |     187 |       0 |   0.0 |      26 |       0 |   0.0
        D:3 |      24 |       0 |   0.0 |       6 |       0 |   0.0
        D:4 |      43 |       0 |   0.0 |       2 |       0 |   0.0
            +---------+---------+-------+---------+---------+-------
